 Dungeon Crawl Stone Soup version 0.19-a0-353-g6b7ed47 (webtiles) character file.

277 DungeonMaster the Skirmisher (level 6, -3/53 HPs)
             Began as a Demonspawn Monk on May 29, 2016.
             Slain by an ogre
             ... wielding a +0 giant spiked club
              (21 damage)
             ... on level 4 of the Dungeon.
             The game lasted 00:06:34 (3580 turns).

DungeonMaster the Skirmisher (Demonspawn Monk)      Turns: 3580, Time: 00:06:35

Health: -3/53      AC: 11    Str: 13    XL:     6   Next: 4%
Magic:  6/6        EV: 12    Int: 12    God:
Gold:   111        SH:  0    Dex: 15    Spells: 0 memorised, 5 levels left

rFire  . . .     SeeInvis .       - Unarmed
rCold  . . .     Gourm    .     c - +2 leather armour {rPois}
rNeg   . . .     Faith    .     (no shield)
rPois  +         Spirit   .     j - +1 helmet
rElec  .         Dismiss  .     (no cloak)
rCorr  .         Reflect  .     (no gloves)
SustAt .         Harm     .     (no boots)
MR     .....                    m - amulet of magic regeneration
Stlth  +++.......               (no ring)
                                (no ring)

@: not resistant to hostile enchantments, fairly stealthy
A: iridescent scales 1, nightstalker 1
a: no special abilities


You were on level 4 of the Dungeon.
You were not hungry.

You visited 1 branch of the dungeon, and saw 4 of its levels.

You collected 111 gold pieces.

Inventory:

Missiles
 d - 5 javelins
 e - 80 stones (quivered)
 g - 43 sling bullets
 h - 6 tomahawks
 n - 52 arrows
 r - 26 bolts
Armour
 c - a +2 leather armour of poison resistance (worn)
 j - a +1 helmet (worn)
Jewellery
 m - an amulet of magic regeneration (around neck)
 s - an uncursed ring of ice
Scrolls
 o - 4 scrolls of identify
 q - a scroll of remove curse
Potions
 i - a potion of curing {unknown}
 k - 2 potions of cancellation
 p - a potion of haste {unknown}
Comestibles
 b - 4 bread rations
 f - 2 beef jerkies
 l - 3 meat rations


   Skills:
 + Level 6.8 Fighting
 - Level 2.6 Dodging
 - Level 1.7 Stealth
 - Level 3.6 Unarmed Combat


You had 5 spell levels left.
You didn't know any spells.

Dungeon Overview and Level Annotations

Branches:
Dungeon (4/15)
 Temple: D:4-7

Altars:
Hepliaklqana
Kikubaaqudgha
Makhleb
Nemelex Xobeh
Sif Muna
Trog


Innate Abilities, Weirdness & Mutations

You are partially covered in iridescent scales. (AC +4)
You are slightly more attuned to the shadows.


Message History

You punch the ogre!
The ogre is heavily wounded.
The ogre hits you with a giant spiked club.
You hit the ogre.
The ogre is heavily wounded.
The ogre hits you with a giant spiked club!
You hit the ogre.
The ogre is severely wounded.
You hit the ogre.
The ogre is almost dead.
The ogre barely misses you.
You hit the ogre but do no damage.
The ogre is almost dead.
The ogre hits you with a giant spiked club!!
You barely miss the ogre.
The ogre is almost dead.
You barely miss the ogre.
The ogre is almost dead.
The ogre hits you with a giant spiked club!!
You die...

#..........#
#..........#####
##..............
#...........####
#..........).### ###
#)...<.....#.#.. #..
#..........#....
#.O##..........#.#..
#.@..........##.#.#
#...........# #.# #
#.......#### #.#
#.......# ...
#......... ...
#......... >..
#.......##


You could see an ogre.

Vanquished Creatures
  A scorpion (D:4)
  An orc priest (D:3)
  A worker ant (D:4)
  4 gnolls
  6 adders
  An ooze (D:3)
  A dart slug (D:1)
  6 giant geckos
  4 orcs
  A giant cockroach (D:3)
  11 hobgoblins
  6 jackals (D:2)
  6 kobolds
  A quokka (D:2)
  8 bats
  2 giant newts
  6 goblins
  6 rats
72 creatures vanquished.

Notes
Turn   | Place    | Note
--------------------------------------------------------------
     0 | D:1      | DungeonMaster the Demonspawn Monk began the quest for the Orb.
     0 | D:1      | Reached XP level 1. HP: 18/18 MP: 1/1
   198 | D:1      | Gained mutation: You are slightly more attuned to the shadows. [demonic ancestry]
   198 | D:1      | Reached XP level 2. HP: 22/24 MP: 2/2
   316 | D:1      | Reached skill level 4 in Fighting
   571 | D:1      | Reached XP level 3. HP: 28/30 MP: 3/3
  1195 | D:2      | You fall through a shaft!
  1196 | D:3      | Found a deep blue altar of Sif Muna.
  1315 | D:2      | Found a faded altar to an unknown god.
  1383 | D:2      | Reached XP level 4. HP: 19/38 MP: 4/4
  1390 | D:2      | Reached skill level 5 in Fighting
  1682 | D:2      | Found a bloodstained altar of Trog.
  1783 | D:2      | Found a burning altar of Makhleb.
  2019 | D:2      | Found a sparkling altar of Nemelex Xobeh.
  2023 | D:2      | Found an ancient bone altar of Kikubaaqudgha.
  2235 | D:2      | Gained mutation: You are partially covered in iridescent scales. (AC +4) [demonic ancestry]
  2235 | D:2      | Reached XP level 5. HP: 25/46 MP: 5/5
  2609 | D:3      | Found a hazy altar of Hepliaklqana.
  2664 | D:3      | Reached skill level 6 in Fighting
  3319 | D:4      | Reached XP level 6. HP: 12/53 MP: 6/6
  3580 | D:4      | Slain by an ogre

Vault maps used:
D:1:      elethiomel_arrival_quiet
D:2:      gammafunk_temple_overflow_forgotten, overflow_temple_1_default,
          first_bread, ecumenical_altar_2
D:3:      nicolae_overflow_crystal_walls, old_standard_altar, nrook_uturn
D:4:      kennysheep_slug_shrine, uniq_blork_the_orc

Skill      XL: |  1  2  3  4  5 |
---------------+----------------+-----
Fighting       | 4 5 6 |  6.8
Dodging        | |  2.6
Stealth        | |  1.7
Unarmed Combat | |  3.6

Action                   |  1- 3 |  4- 6 || total
-------------------------+-------+-------++-------
Melee: Unarmed           |   124 |   215 ||   339
       Punch             |     1 |     3 ||     4
  Use: Scroll            |     2 |     5 ||     7
       Potion            |     2 |     2 ||     4
 Stab: Sleeping          |     8 |     8 ||    16
       Distracted        |     1 |       ||     1
       Invisible         |     1 |       ||     1
  Eat: Chunk             |     2 |     8 ||    10
Armor: Leather armour    |    34 |    78 ||   112
Dodge: Dodged            |    96 |   155 ||   251
